AoeStats
← 凉拌皮蛋

African Clearing

506853365Analyzed
4v4 RM · 17d ago on Sep 15, 2026· 48m 16s· 8 players
Game mode
Random Map
Map size
Large (8 player)
Population
200
Speed
Normal
Resources
Standard
Victory
Conquest
Starting age
Dark Age
Ending age
Imperial Age
RankedLock teamsTeams togetherTeam positionsShared explorationLock speedFull tech treeHidden civsTurbo modeCheats
Victory
Defeat
🇨🇳 Maya · China
1992
+10
🇨🇳 Mongols · China
1815
+17
🇨🇳 Magyars · China
1729
+20
🇨🇳 Berbers · China
1543
+27
🇨🇳 Huns · China
1923
-22
🇨🇳 Vietnamese · China
1881
-21
🇨🇳 Koreans · China
1839
-19
🇨🇳 Magyars · China
1662
-12
血色浪漫99199
9:13 Loom
11:19 Feudal Age
14:11 Scale Barding Armor
17:26 Town Watch
18:23 Bloodlines
23:54 Wheelbarrow
27:57 Castle Age
28:15 Light Cavalry
29:08 Husbandry
29:37 Chain Barding Armor
32:47 Double-Bit Axe
34:17 Horse Collar
36:05 Hand Cart
凉拌皮蛋
9:31 Loom
12:06 Feudal Age
18:10 Fletching
20:07 Horse Collar
28:16 Castle Age
28:18 Scale Mail Armor
36:44 Bodkin Arrow
39:22 Double-Bit Axe
40:16 Wheelbarrow
40:53 Bow Saw
43:26 Hand Cart
43:17 Heavy Plow
43:12 Gold Mining
44:20 Stone Mining
45:05 Gold Shaft Mining
44:57 Kasbah
45:44 Scale Barding Armor
49:17 Imperial Age
47:56 Scale Barding Armor
48:01 Forging
48:23 Husbandry
48:34 Bloodlines
xan
12:28 Feudal Age
13:36 Double-Bit Axe
16:22 Castle Age
15:25 Loom
17:45 Fletching
18:15 Horse Collar
25:35 Wheelbarrow
25:40 Bodkin Arrow
28:37 Bow Saw
30:54 Ballistics
32:48 Bloodlines
35:41 Imperial Age
34:03 Heavy Plow
36:31 Bracer
37:32 Chemistry
36:36 Husbandry
36:48 Bloodlines
37:08 Husbandry
37:09 Padded Archer Armor
39:29 Gold Mining
39:33 Elite Mangudai
40:44 Conscription
41:02 Leather Archer Armor
41:16 Parthian Tactics
41:31 Thumb Ring
43:34 Drill
44:14 Capped Ram
45:15 Siege Ram
45:58 Onager
_LY_lyx
6:17 Loom
12:56 Feudal Age
13:37 Town Watch
17:03 Castle Age
15:15 Double-Bit Axe
16:21 Horse Collar
17:59 Bow Saw
27:35 Wheelbarrow
27:09 Gold Mining
30:04 Hand Cart
33:45 Imperial Age
31:29 Scale Mail Armor
31:39 Forging
31:40 Heavy Plow
31:29 Eagle Warrior
32:43 Chain Mail Armor
32:40 Squires
34:02 Iron Casting
33:34 Arson
34:59 Holcans
34:41 Guilds
34:29 Elite Eagle Warrior
35:03 Pikeman
36:18 Plate Mail Armor
37:44 Two-Man Saw
38:33 Blast Furnace
37:45 Halberdier
41:36 Conscription
42:28 Capped Ram
夏天九号
5:45 Loom
13:10 Feudal Age
17:28 Castle Age
15:54 Double-Bit Axe
18:24 Fletching
22:31 Town Watch
27:13 Horse Collar
27:44 Bodkin Arrow
29:18 Husbandry
29:56 Wheelbarrow
30:48 Gold Mining
31:52 Ballistics
31:53 Bow Saw
36:20 Imperial Age
33:43 Stone Mining
36:26 Masonry
35:57 Treadmill Crane
38:47 Architecture
40:19 Murder Holes
40:27 Bracer
41:22 Squires
41:25 Scale Mail Armor
41:35 Forging
44:53 Chain Mail Armor
Starsky
9:43 Loom
12:32 Feudal Age
13:44 Double-Bit Axe
16:36 Castle Age
17:28 Bow Saw
18:56 Horse Collar
25:46 Wheelbarrow
25:00 Town Watch
28:51 Hand Cart
29:14 Gold Mining
30:40 Gold Shaft Mining
33:50 Imperial Age
31:46 Scale Barding Armor
32:02 Forging
32:03 Husbandry
32:56 Chain Barding Armor
32:50 Marauders
33:26 Bloodlines
33:44 Heavy Plow
35:02 Iron Casting
33:58 Elite Tarkan
35:15 Plate Barding Armor
35:54 Iron Casting
38:16 Blast Furnace
41:10 Fletching
Coriandrum sativum
11:24 Loom
13:19 Feudal Age
18:00 Castle Age
34:06 Wheelbarrow
39:42 Horse Collar
42:16 Heavy Plow
42:09 Double-Bit Axe
43:17 Bow Saw
47:59 Imperial Age
45:54 Fletching
46:04 Padded Archer Armor
46:53 Bodkin Arrow
47:58 Ballistics
48:05 Thumb Ring
H萝卜
12:36 Loom
14:22 Feudal Age
15:45 Double-Bit Axe
19:02 Castle Age
17:31 Fletching
19:45 Bodkin Arrow
20:22 Bow Saw
25:55 Padded Archer Armor
27:02 Wheelbarrow
27:56 Hand Cart
28:07 Horse Collar
28:40 Heavy Plow
28:38 Gold Mining
31:45 Town Watch
36:21 Imperial Age
34:47 Scale Barding Armor
35:16 Chatras
35:30 Forging
35:16 Stone Mining
35:52 Bloodlines
35:43 Husbandry
38:20 Chain Barding Armor
40:48 Plate Barding Armor
42:19 Bracer
43:27 Leather Archer Armor
45:17 Heavy Cavalry Archer
46:03 Thumb Ring
Connection lost

Rejoining the realm…

Still unreachable

The connection could not be restored.

Session expired

The server has moved on; the page needs a fresh start.